 Dungeon Crawl Stone Soup version 0.29.1-15-g9cfb28693d (webtiles) character file.

Game seed: 12362838646495030674

2207 Heoruswealwe the Thaumaturge (level 9, 0/45 HPs)
             Began as a Deep Elf Summoner on Mar 23, 2023.
             Was an Initiate of Sif Muna.
             Slain by a bullfrog (5 damage)
             ... on level 7 of the Dungeon.
             The game lasted 01:22:46 (6630 turns).

Heoruswealwe the Thaumaturge (Deep Elf Summoner)    Turns: 6630, Time: 01:22:47

Health: 0/45       AC:  4    Str:  7    XL:     9   Next: 13%
Magic:  26/26      EV: 16    Int: 25    God:    Sif Muna [......]
Gold:   128        SH:  0    Dex: 15    Spells: 23/31 levels left

rFire   . . .      SeeInvis .   a - +3 dagger of Ydoje {freeze, Fly Str+2}
rCold   + . .      Faith    .   (no shield)
rNeg    . . .      Spirit   .   c - +0 robe
rPois   .          Reflect  .   e - +0 helmet
rElec   .          Harm     .   d - +0 cloak
rCorr   .          Rampage  .   (no gloves)
Will    .....      Clarity  +   (no boots)
Stlth   ++........              f - amulet of magic regeneration
HPRegen 0.15/turn               g - ring of protection from cold
MPRegen 0.60/turn               h - +4 ring of evasion

@: flying
A: clarity, inability to drink after injury 1, MP-powered wands
a: Renounce Religion


You were on level 7 of the Dungeon.
You worshipped Sif Muna.
Sif Muna was noncommittal.
You visited 1 branch of the dungeon, and saw 7 of its levels.
You also visited: Ossuary.

You collected 297 gold pieces.
You spent 169 gold pieces at shops.

Inventory:

Hand Weapons
 a - the +3 dagger of Ydoje (weapon) {freeze, Fly Str+2}
   (You found it on level 2 of the Dungeon)

   It freezes those it strikes, dealing additional cold damage.
   It can also slow down cold-blooded creatures.
   Str:       It affects your strength (+2).
   Fly:       It grants you flight.
 b - a +0 hand axe
Armour
 c - a +0 robe (worn)
 d - a +0 cloak (worn)
 e - a +0 helmet (worn)
 u - a +0 cloak
Jewellery
 f - an amulet of magic regeneration (around neck)
 g - a ring of protection from cold (left hand)
 h - a +4 ring of evasion (right hand)
Wands
 i - a wand of paralysis (1)
Scrolls
 k - a scroll of fear
 l - a scroll of enchant armour
 m - 4 scrolls of noise {unknown}
 n - 3 scrolls of immolation {unknown}
 r - 4 scrolls of vulnerability {unknown}
 w - 2 scrolls of brand weapon
 x - a scroll of summoning
 A - 3 scrolls of teleportation {unknown}
 B - a scroll of silence {unknown}
 D - a scroll of magic mapping {unknown}
Potions
 j - 3 potions of magic
 o - 2 potions of lignification
 p - a potion of ambrosia {unknown}
 q - a potion of brilliance {unknown}
 s - 2 potions of heal wounds {unknown}
 t - a potion of cancellation {unknown}
 v - 2 potions of flight {unknown}
 y - 5 potions of curing {unknown}
 z - a potion of resistance {unknown}
 C - 3 potions of haste {unknown}


   Skills:
 - Level 2.4 Dodging
 - Level 2.4 Stealth
 + Level 11.5 Spellcasting
 + Level 10.4 Summonings


You had 23 spell levels left.
You knew the following spells:

 Your Spells              Type           Power      Damage    Failure   Level
a - Summon Small Mammal   Summ           100%       N/A       1%          1
b - Call Canine Familiar  Summ           61%        N/A       1%          3
c - Summon Lightning Spi  Summ/Air       40%        N/A       4%          4

Your spell library contained the following spells:

 Spells                   Type           Power      Damage    Failure   Level
 Call Imp                 Summ           61%        N/A       1%          2
 Summon Guardian Golem    Hex/Summ       40%        N/A       1%          3
 Apportation              Tloc           28%        N/A       4%          1
 Shock                    Conj/Air       56%        1d6       4%          1
 Sting                    Tmut/Pois      56%        1d5       4%          1
 Ensorcelled Hibernation  Hex/Ice        28%        N/A       6%          2
 Passwall                 Tmut/Erth      11%        N/A       6%          2
 Poisonous Vapours        Pois/Air       28%        N/A       6%          2
 Swiftness                Air            14%        N/A       13%         3
 Airstrike                Air            7%         2d(1-17)  38%         4
 Olgreb's Toxic Radiance  Pois           14%        N/A       38%         4
 Alistair's Intoxication  Tmut/Pois      9%         N/A       75%         5


Dungeon Overview and Level Annotations

Branches:
Dungeon (7/15)             Temple (0/1) D:7         Ossuary (visited)

Altars:
Ashenzari
Cheibriados
Dithmenos
Ru
Sif Muna
Xom

Shops:
D:5 *   D:6 *!*(


Innate Abilities, Weirdness & Mutations

You possess an exceptional clarity of mind.
You occasionally lose the ability to drink potions when taking damage.
You expend magic power (3 MP) to strengthen your wands.


Message History

Your wolf barely misses Menkaure.
Your wolf bites Menkaure.
Menkaure hits you.
You closely miss Menkaure.
Menkaure is heavily damaged.
Your wolf completely misses Menkaure.
Menkaure hits you!
You feel threatened and lose the ability to drink potions!
* * * LOW HITPOINT WARNING * * *
Your wolf bites Menkaure but does no damage.
You cannot drink potions in your current state!
Your wolf bites Menkaure!
Menkaure hits your wolf!
Your wolf dies!
Your wolf's corpse disappears in a puff of smoke!
Menkaure shouts!
Casting: Call Canine Familiar (safe; 1% risk of failure)
Confirm with . or Enter, or press ? or * to list all spells.
Menkaure attacks as you move away! Menkaure misses you.
Found a twisted garnet ring.
You hit Menkaure. You freeze Menkaure.
You destroy Menkaure!
Sif Muna accepts your kill.
You can drink potions again.
Your warg bites the ice beast!
The ice beast closely misses your warg.
Your warg bites the ice beast!
The ice beast dies!
Sif Muna accepts your kill.
You see here a +0 plate armour.
Found a puce potion.
i - a +4 ring of evasion
i - a +4 ring of evasion (right hand) Adjust to which letter? (? for menu, Esc to quit)
h - a +4 ring of evasion (right hand);
i - a wand of paralysis (1) Unknown command.
A bullfrog comes into view.
Your warg barely misses the bullfrog.
You completely miss the bullfrog. The bullfrog barely misses you.
Your warg closely misses the bullfrog.
You hit the bullfrog.
The bullfrog seems to slow down.
You freeze the bullfrog.
The bullfrog is moderately wounded.
The bullfrog hits you.
You die...

≈≈≈.~≈≈~.##### #
.~≈≈≈≈.~≈≈~.....## #
~~≈~~.~≈~~......# #
...............# ####
..##...[.....###.#.
.....##....####....
##.#.##.#....##....
##..###.#....#....#....#
#.....F@..............##
......h.................
........................
.............>.#........
.....!.........#..##.#..
...............#..####.#
.##...##..........# ##
.... #..#....... ....


You could see a bullfrog (slow, ally target) and a friendly warg (summoned).

Vanquished Creatures
  Menkaure (D:7)
  A centaur (D:7)
  A howler monkey (D:6)
  4 adders
  A worm (D:3)
  An endoplasm (D:3)
  A giant cockroach (D:1)
  A ball python (D:3)
  2 bats
  2 rats
  6 bushes (D:1)
21 creatures vanquished.

Vanquished Creatures (collateral kills)
  A steam dragon (D:6)
  A water moccasin (D:6)
  2 sky beasts (D:6)
  2 ice beasts
  A centaur (D:3)
  An ogre (D:5)
  2 elf zombies (Ossuary)
  A bullfrog (D:6)
  A necrophage (D:3)
  3 scorpions
  2 howler monkeys
  3 human zombies (Ossuary)
  2 jellies
  An orc priest (D:4)
  A hound (D:5)
  A gnoll bouda (D:5)
  An orc wizard (D:4)
  4 iguanas
  2 mummies (Ossuary)
  7 gnolls
  12 adders
  An ufetubus (D:6)
  2 worms (D:3)
  2 dart slugs (D:3)
  5 orcs
  12 ball pythons
  2 bats
  5 endoplasms
  2 giant cockroaches
  6 hobgoblins
  3 quokkas
  2 frilled lizards (D:3)
  6 goblins
  2 goblin zombies (Ossuary)
  12 hobgoblin zombies (Ossuary)
  A jackal zombie (Ossuary)
  5 kobolds
  11 kobold zombies (Ossuary)
  4 orc zombies (Ossuary)
  2 rats
  A rat zombie (Ossuary)
  2 bushes (D:1)
139 creatures vanquished.

Vanquished Creatures (others)
  7 plants (D:1)
7 creatures vanquished.

Grand Total: 167 creatures vanquished

Notes
Turn   | Place    | Note
-------+----------+-------------------------------------------
     0 | D:1      | Heoruswealwe the Deep Elf Summoner began the quest for the
                  | Orb.
     0 | D:1      | Reached XP level 1. HP: 10/10 MP: 6/6
  1819 | D:2      | Found a broken altar of Ashenzari.
  1843 | D:2      | Reached XP level 2. HP: 15/15 MP: 6/8
  1998 | D:2      | Reached skill level 4 in Spellcasting
  1998 | D:2      | Reached skill level 5 in Summonings
  1998 | D:2      | Reached XP level 3. HP: 19/19 MP: 7/10
  2005 | D:2      | Learned a level 3 spell: Call Canine Familiar
  2343 | D:2      | Found a faded altar of an unknown god.
  2376 | D:2      | Prayed at the altar of an unknown god.
  2376 | D:2      | Became a worshipper of Ru the Awakened
  2377 | D:2      | Fell from the grace of Ru
  2551 | D:2      | Identified the +3 dagger of Ydoje {freeze, Fly Str+2}
  2955 | D:3      | Noticed a necrophage
  2972 | D:3      | Killed a necrophage
  2973 | D:3      | Reached skill level 5 in Spellcasting
  2973 | D:3      | Reached XP level 4. HP: 15/24 MP: 4/13
  3047 | D:3      | Noticed a centaur
  3065 | D:3      | Killed a centaur
  3066 | D:3      | Reached XP level 5. HP: 4/28 MP: 10/15
  3173 | D:3      | Reached skill level 6 in Spellcasting
  3289 | D:3      | Found a broken altar of Ashenzari.
  3444 | D:3      | Reached XP level 6. HP: 32/32 MP: 17/17
  3956 | D:4      | Reached skill level 7 in Spellcasting
  4345 | D:4      | Reached XP level 7. HP: 36/36 MP: 20/20
  4732 | D:5      | Entered Level 5 of the Dungeon
  4823 | D:5      | Reached skill level 8 in Spellcasting
  4855 | D:5      | Found a shimmering altar of Xom.
  5073 | D:5      | Found a sand-covered staircase.
  5111 | Ossuary  | Entered an ossuary
  5178 | Ossuary  | Reached skill level 9 in Spellcasting
  5289 | Ossuary  | Reached XP level 8. HP: 41/41 MP: 23/23
  5463 | D:5      | Found Bisuocym's General Store.
  5585 | D:5      | Bought a potion of degeneration for 15 gold pieces
  5585 | D:5      | Bought a potion of lignification for 45 gold pieces
  5668 | D:4      | Learned a level 4 spell: Summon Lightning Spire
  5696 | D:6      | Found Rumeh's Assorted Antiques.
  5697 | D:6      | Found Goimudam's General Store.
  5697 | D:6      | Found Xivoh's Distillery.
  5699 | D:6      | Found Eryaxzah's Weapon Emporium.
  5727 | D:6      | Bought a glowing clear potion for 26 gold pieces
  5727 | D:6      | Bought a scroll labelled XOTTEQ COACSEM for 29 gold pieces
  5727 | D:6      | Bought a golden potion for 26 gold pieces
  5730 | D:6      | Bought a scroll of identify for 28 gold pieces
  5775 | D:6      | Reached skill level 10 in Spellcasting
  5894 | D:6      | Gained mutation: You sometimes lose your temper in combat.
                  | [potion of mutation]
  5899 | D:6      | Lost mutation: You sometimes lose your temper in combat.
                  | [potion of mutation]
  5899 | D:6      | Gained mutation: You occasionally lose the ability to drink
                  | potions when taking damage. [potion of mutation]
  5899 | D:6      | Gained mutation: You are strong-willed. (Will+) [potion of
                  | mutation]
  5900 | D:6      | Lost mutation: You are strong-willed. (Will+) [potion of
                  | mutation]
  5900 | D:6      | Lost mutation: You occasionally lose the ability to drink
                  | potions when taking damage. [potion of mutation]
  5900 | D:6      | Gained mutation: You are resistant to electric shocks.
                  | (rElec) [potion of mutation]
  5900 | D:6      | Gained mutation: You expend magic power (3 MP) to
                  | strengthen your wands. [potion of mutation]
  5900 | D:6      | Gained mutation: You are robust. (+10% HP) [potion of
                  | mutation]
  5901 | D:6      | Lost mutation: You are resistant to electric shocks.
                  | (rElec) [potion of mutation]
  5901 | D:6      | Lost mutation: You are robust. (+10% HP) [potion of
                  | mutation]
  5901 | D:6      | Gained mutation: You occasionally lose the ability to drink
                  | potions when taking damage. [potion of mutation]
  5901 | D:6      | Gained mutation: You possess an exceptional clarity of
                  | mind. [potion of mutation]
  6123 | D:6      | Found a shadowy altar of Dithmenos.
  6135 | D:6      | Found a snail-covered altar of Cheibriados.
  6147 | D:6      | Found a shimmering blue altar of Sif Muna.
  6154 | D:6      | Became a worshipper of Sif Muna the Loreminder
  6293 | D:6      | Reached skill level 11 in Spellcasting
  6293 | D:6      | Reached skill level 10 in Summonings
  6575 | D:7      | Found a staircase to the Ecumenical Temple.
  6586 | D:7      | Reached XP level 9. HP: 34/45 MP: 26/26
  6599 | D:7      | Noticed Menkaure
  6607 | D:7      | HP: 2/45 [Menkaure (12)]
  6611 | D:7      | Killed Menkaure
  6630 | D:7      | Slain by a bullfrog

Illustrated notes

Levels and vault maps discovered:
D:1:      dpeg_arrival_circle_labyrinth_c, layout_loops_ring,
          dreamdust_princess_bridge, glass_columns_c, serial_bayou_crossing
D:2:      layout_basic, chequers_ecumenical_altar_simple, basic_altar
D:3:      layout_basic, ashenzari_altar_1, minmay_divided_ellipse
D:4:      layout_loops_ring
D:5:      layout_gridville, kennysheep_little_box, serial_shops,
          nicolae_shop_trees, lightli_ossuary_entry_decrepit_ruins
D:6:      layout_gridville, minmay_overflow_temple_star_quad,
          minmay_shop_grid_forest, chequers_serial_rivers_large_a
D:7:      layout_cave_pools, minmay_temple_entry_drinking_statues, serial_shops,
          nicolae_take_the_stairs, minivault_14, uniq_menkaure

Skill      XL: |  1  2  3  4  5  6  7  8 |
---------------+-------------------------+-----
Spellcasting   | 4 5 6 7 9 11 | 11.5
Summonings     | 5 6 7 8 10 | 10.4
Dodging        | |  2.4
Stealth        | |  2.4

Action                   |  1- 3 |  4- 6 |  7- 9 || total
-------------------------+-------+-------+-------++-------
Melee: Hand axe          |   871 |       |       ||   871
       Punch             |    21 |       |       ||    21
       Dagger            |     6 |    17 |    48 ||    71
 Cast: Summon Small Mamm |    52 |       |       ||    52
       Call Canine Famil |     8 |    12 |    19 ||    39
Invok: Renounce Religion |     1 |       |       ||     1
  Use: Scroll            |       |     5 |     2 ||     7
       Potion            |       |       |     5 ||     5
 Stab: Sleeping          |     3 |     1 |       ||     4
Armor: Robe              |     2 |     4 |    11 ||    17
Dodge: Dodged            |    11 |    15 |    32 ||    58
